 Dungeon Crawl Stone Soup version 0.32-a0-675-gdc239d62e1 (webtiles) character file.

Game seed: 15971733951373451269

1462 Aldia the Toxicologist (level 8, 0/52 HPs)
             Began as an Octopode Alchemist on Mar 11, 2024.
             Was an Initiate of Gozag.
             Slain by an orc wizard
             ... wielding a +0 dagger
              (3 damage)
             ... on level 6 of the Dungeon.
             The game lasted 00:18:49 (6836 turns).

Aldia the Toxicologist (Octopode Alchemist)         Turns: 6836, Time: 00:18:50

Health: 0/52       AC:  1    Str:  7    XL:     8   Next: 77%
Magic:  2/15       EV: 14    Int: 19    God:    Gozag
Gold:   433        SH:  0    Dex: 13    Spells: 2/16 levels left

rFire   . . .        y - +1 trident (venom)
rCold   + . .        (no shield)
rNeg    . . .        (helmet currently unavailable)
rPois   .            (no amulet)
rElec   .            o - ring of protection from cold
rCorr   .            w - ring of wizardry
SInv    .            (no ring)
Will    .....        (no ring)
Stlth   +++          (no ring)
HPRegen 0.28/turn    (no ring)
MPRegen 0.14/turn    (no ring)
                     (no ring)

%: wizardry (x1)
@: beast-form, gold aura
A: beast (slay +0), almost no armour, amphibious, 8 rings, camouflage 1,
gelatinous body 1, (nimble swimmer 1), tentacles
a: Begin Untransformation, Renounce Religion, Potion Petition, Call Merchant,
Bribe Branch


You were on level 6 of the Dungeon.
You worshipped Gozag.
Gozag was aware of your devotion.
You were a hulking beast.
You visited 2 branches of the dungeon, and saw 7 of its levels.

You collected 515 gold pieces.
You paid 82 gold pieces to Gozag.

Inventory:

Hand Weapons
 i - a +0 dagger of freezing
 q - a +1 dagger of venom
 t - a +0 lajatang
 y - a +1 trident of venom (weapon)
Missiles
 n - 4 curare-tipped darts
Magical Staves
 v - a staff of cold
Jewellery
 o - a ring of protection from cold (left tentacle)
 w - a ring of wizardry (right tentacle)
Talismans
 p - a beast talisman (active)
 x - a maw talisman
Wands
 j - a wand of flame (22)
Scrolls
 b - 2 scrolls of amnesia
 f - a scroll of fear
 l - a scroll of vulnerability
 m - a scroll of poison
 r - 2 scrolls of enchant weapon
 s - a scroll of teleportation
 u - a scroll of identify
Potions
 a - 6 potions of magic
 c - a potion of attraction
 d - 4 potions of resistance
 e - a potion of berserk rage
 g - 8 potions of curing
 h - a potion of might
 k - 2 potions of heal wounds
 z - a potion of invisibility {unknown}


   Skills:
 + Level 3.2 Fighting
 + Level 3.8 Dodging
 - Level 3.0 Stealth
 + Level 4.8 Spellcasting
 - Level 2.0 Conjurations
 + Level 2.7 Fire Magic
 - Level 2.1 Air Magic
 - Level 8.0 Alchemy


You had 2 spell levels left.
You knew the following spells:

 Your Spells              Type           Power      Damage    Failure   Level
a - Sting                 Conj/Alch      92%        1d8       1%          1
b - Mercury Vapours       Alch/Air       46%        N/A       1%          2
c - Mephitic Cloud        Conj/Alch/Air  20%        N/A       2%          3
d - Olgreb's Toxic Radia  Alch           35%        N/A       1%          4
e - Sticky Flame          Fire/Alch      25%        2d6       6%          4

Your spell library contained the following spells:

 Spells                   Type           Power      Damage    Failure   Level
 Scorch                   Fire           28%        2d6       2%          2
 Apportation              Tloc           8%         N/A       5%          1
 Necrotise                Necr           16%        1d4       5%          1
 Summon Small Mammal      Summ           16%        N/A       5%          1
 Jinxbite                 Hex            8%         N/A       8%          2
 Call Canine Familiar     Summ           4%         N/A       16%         3
 Flame Wave               Conj/Fire      13%        2d6       19%         4
 Yara's Violent Unravell  Hex/Alch       9%         3d6       26%         5
 Summon Blazeheart Golem  Fire/Summ      9%         N/A       28%         4
 Summon Cactus Giant      Summ           2%         N/A       99%         6
 Enfeeble                 Hex            2%         N/A       100%        7


Dungeon Overview and Level Annotations

Branches:
Dungeon (6/15)             Temple (1/1) D:4

Altars:
Ashenzari
Dithmenos
Elyvilon
Fedhas
Gozag
Kikubaaqudgha
Makhleb
Nemelex Xobeh
Okawaru
Qazlal
Ru
Sif Muna
Trog
Vehumet
Wu Jian
Xom
Zin
The Shining One

Annotations:
D:2 1 runed translucent door, Crazy Yiuf


Innate Abilities, Weirdness & Mutations

You are a hulking beast.
Your limbs bulge with bestial killing power. (Slay +0)
You cannot wear most types of armour.
You are amphibious.
You can wear up to eight rings at the same time.
Your skin changes colour to match your surroundings (Stealth+).
Your rubbery body absorbs attacks. (AC +1, EV +1)
((You are camouflaged when in or above water. (Stealth+)))
You have tentacles for arms and can constrict up to eight enemies at once.


Message History

Unknown command.
Unknown command.
You hit the adder but do no damage.
The adder looks even sicker.
You grab the adder.
The adder is moderately wounded.
The adder looks as sick as possible!
The orc wizard looks even sicker.
Your toxic aura wanes.
You constrict the adder!
You kill the adder!
The orc wizard is distracted by your dazzling golden aura.
Unknown command.
Press: ? - help, v - describe, . - travel
Here: a gnoll sergeant, wielding a +0 trident and wearing a +0 scale mail of poison resistance The floor.
Things that are here:
6 gold pieces; a +0 flail You completely miss the orc wizard.
The orc wizard is no longer distracted by gold.
The orc wizard shouts!
Your grab misses the orc wizard.
You squeeze the orc wizard, but do no damage.
The orc wizard is heavily wounded.
The orc wizard hits you with a +0 dagger.
Unknown command.
Casting: Olgreb's Toxic Radiance (dangerous; 1% risk of failure)
Confirm with . or Enter, or press ? or * to list all spells.
Aiming: Mephitic Cloud (dangerous; 2% risk of failure)
Press: ? - help, Shift-Dir - straight line, f - gnoll sergeant
Aim: a gnoll sergeant, wielding a +0 trident and wearing a +0 scale mail of poison resistance (not susceptible)
The ball explodes into a vile cloud!
The stinking cloud engulfs the gnoll sergeant.
The stinking cloud engulfs the orc wizard.
The orc wizard is heavily wounded.
You hear a shout!
The gnoll sergeant hits you from afar with a +0 trident!
* * * LOW HITPOINT WARNING * * *
The orc wizard is engulfed in noxious fumes.
The orc wizard hits you with a +0 dagger.
You die...
Your body crumbles into a pile of gold.

#......###..........#..#
...............#..######
#.............#.# .
#......#........#
..##......#..##.....
..........#.........
#..............#...
....#....§.☼$..# ..
.......#.§g.h..#
......##.§☼o○....#
......#.............
.#.....#...##?......
?.#...###### .......
..#### ....#.. #..## .
###


You could see a gnoll sergeant and an orc wizard (very poisoned).

Vanquished Creatures
  Grinder (D:3)
  Sigmund (D:3)
  An orc warrior (D:6)
  4 ogres (D:6)
  A phantom (D:6)
  A scorpion (D:4)
  3 bombardier beetles
  A jelly (D:6)
  3 hounds
  An orc priest (D:6)
  An iguana (D:5)
  An orc wizard (D:6)
  A gnoll (D:6)
  11 adders
  2 white imps (D:6)
  An ufetubus (D:6)
  An adder zombie (D:3)
  2 dart slugs
  10 orcs
  10 ball pythons
  8 endoplasms
  4 giant cockroaches
  7 hobgoblins
  6 jackals
  3 quokkas
  3 bats
  5 frilled lizards
  A giant cockroach zombie (D:3)
  3 goblins
  A jackal zombie (D:3)
  3 kobolds
  A quokka skeleton (D:3)
  5 rats
107 creatures vanquished.

Notes
Turn   | Place    | Note
-------+----------+-------------------------------------------
     0 | D:1      | Aldia the Octopode Alchemist began the quest for the Orb.
     0 | D:1      | Reached XP level 1. HP: 11/11 MP: 3/3
   187 | D:1      | Reached XP level 2. HP: 17/17 MP: 0/5
   190 | D:1      | Learned a level 2 spell: Mercury Vapours
   881 | D:1      | Reached XP level 3. HP: 22/22 MP: 0/6
   885 | D:1      | Learned a level 3 spell: Mephitic Cloud
  1326 | D:1      | Reached skill level 4 in Alchemy
  1721 | D:2      | Reached skill level 1 in Air Magic
  1861 | D:2      | Found a runed translucent door.
  1862 | D:2      | Noticed Crazy Yiuf
  2388 | D:3      | Reached skill level 1 in Fighting
  2388 | D:3      | Reached XP level 4. HP: 28/28 MP: 7/7
  2568 | D:3      | Noticed Sigmund
  2577 | D:3      | Killed Sigmund
  2578 | D:3      | Reached skill level 5 in Alchemy
  2578 | D:3      | Reached XP level 5. HP: 33/34 MP: 0/9
  2578 | D:3      | Reached XP level 6. HP: 38/39 MP: 0/10
  2589 | D:3      | Learned a level 4 spell: Olgreb's Toxic Radiance
  3013 | D:3      | Found a stormy altar of Qazlal.
  3032 | D:3      | Noticed Grinder
  3033 | D:3      | Found a blossoming altar of Fedhas.
  3044 | D:3      | Killed Grinder
  3045 | D:3      | Reached skill level 6 in Alchemy
  3045 | D:3      | Reached XP level 7. HP: 7/45 MP: 7/12
  3994 | D:4      | Found a radiant altar of Vehumet.
  3997 | D:4      | Found a bloodstained altar of Trog.
  4205 | D:4      | Found a staircase to the Ecumenical Temple.
  4214 | Temple   | Entered the Ecumenical Temple
  4238 | Temple   | Became a worshipper of Elyvilon the Healer
  4424 | D:4      | Found a shimmering altar of Xom.
  4681 | D:5      | Entered Level 5 of the Dungeon
  5016 | D:5      | Found an opulent altar of Gozag.
  5020 | D:5      | Fell from the grace of Elyvilon
  5020 | D:5      | Became a worshipper of Gozag Ym Sagoz the Greedy
  5617 | D:6      | Learned a level 4 spell: Sticky Flame
  5668 | D:6      | Found a burning altar of Makhleb.
  5746 | D:6      | Reached skill level 7 in Alchemy
  5790 | D:6      | Reached XP level 8. HP: 52/52 MP: 5/14
  5821 | D:6      | Reached skill level 1 in Fire Magic
  6672 | D:6      | Reached skill level 8 in Alchemy
  6836 | D:6      | Slain by an orc wizard

Illustrated notes

Levels and vault maps discovered:
D:1:      nagdon_arrival_zigzag_paths, layout_basic, minmay_pentomino_v2
D:2:      layout_basic, uniq_crazy_yiuf_cottage
D:3:      layout_basic, grunt_temple_overflow_forces_of_nature, serial_undead,
          serial_undead_f, serial_undead_e, serial_undead_b, serial_undead_c,
          uniq_sigmund, uniq_grinder
D:4:      minmay_recursive_quarters, layout_loops_ring,
          nicolae_overflow_hidden_temple, minmay_temple_entry_drinking_statues
D:5:      layout_loops_corners, lemuel_crystal_altar
D:6:      minmay_bubble_buster, layout_cave_pools, mainiacjoe_overflow_alcove_1,
          mainiacjoe_overflow_paths
Temple:   minmay_temple_curvy_loop

Skill      XL: |  1  2  3  4  5  6  7  8 |
---------------+-------------------------+-----
Stealth        | 3 |  3.0
Alchemy        | 4 5 6 7 8 |  8.0
Air Magic      | 1 2 |  2.1
Fighting       | 1 2 3 |  3.2
Spellcasting   | 3 4 |  4.8
Conjurations   | 2 |  2.0
Fire Magic     | 2 |  2.7
Dodging        | 3 |  3.8

Action                     |  1- 3 |  4- 6 |  7- 9 || total
---------------------------+-------+-------+-------++-------
  Melee: Constrict         |     6 |     9 |    12 ||    27
         Unarmed           |     2 |       |       ||     2
         Club              |     2 |       |       ||     2
         Short sword       |     7 |       |       ||     7
         Dagger            |     1 |    33 |    30 ||    64
         Tentacles         |     1 |    10 |    14 ||    25
         Trident           |       |       |    19 ||    19
   Cast: Sting             |    66 |    25 |   110 ||   201
         Mercury Vapours   |       |     2 |     5 ||     7
         Mephitic Cloud    |       |     1 |     9 ||    10
         Olgreb's Toxic Ra |       |       |     2 ||     2
         Sticky Flame      |       |       |     1 ||     1
    Use: Scroll            |       |     3 |     9 ||    12
   Stab: Sleeping          |     1 |     3 |       ||     4
         Confused          |       |       |     2 ||     2
 Armour: Skin              |    12 |    15 |    48 ||    75
  Dodge: Dodged            |    15 |    24 |    37 ||    76
   Form: Beast             |       |     1 |       ||     1

Table legend: (Time is in decaauts)
 A = Elapsed time spent in this place.
 B = Non-inter-level travel time spent in this place.
 C = Inter-level travel time spent in this place.
 D = Time resting spent in this place.
 E = Time spent auto-exploring this place.
 F = Levels seen in this place.
 G = Mean time per level.
                   A        B        C        D        E       F      G
               +--------+--------+--------+--------+--------+-----+--------+
         Total |   6839 |   6570 |    269 |    497 |   5164 |   7 |  977.0 |
       Dungeon |   6791 |   6567 |    224 |    497 |   5164 |   6 | 1131.8 |
        Temple |     47 |      2 |     45 |      0 |      0 |   1 |   47.0 |
               +--------+--------+--------+--------+--------+-----+--------+

Top non-repeatable levels by time:
     D:1: 1613 daAuts
     D:6: 1246 daAuts
     D:4: 1175 daAuts
     D:3: 1070 daAuts
     D:5: 913 daAuts
     D:2: 771 daAuts
  Temple: 47 daAuts
